AoeStats
← Green Assassin

Black Forest

503492105Analyzed
4v4 RM · 1mo ago on Aug 31, 2026· 23m 4s· 8 players
Game mode
Random Map
Map size
Large (8 player)
Population
200
Speed
Normal
Resources
Standard
Victory
Conquest
Starting age
Dark Age
Ending age
Imperial Age
RankedLock teamsTeams togetherTeam positionsShared explorationLock speedFull tech treeHidden civsTurbo modeCheats
Victory
Defeat
🇮🇹 Mongols · Italy
1318
+13
🇵🇪 Magyars · Peru
1293
+14
🇨🇳 Burgundians · China
1250
+16
🇲🇽 Saracens · Mexico
1246
+16
🇮🇹 Celts · Italy
1270
-16
🇺🇸 Magyars · United States
1268
-16
🇩🇪 Cumans · Germany
1243
-14
🇺🇸 Tupi · United States
1238
-14
Green Assassin
0:32 Loom
14:56 Feudal Age
23:43 Castle Age
22:13 Double-Bit Axe
22:10 Horse Collar
23:16 Scale Barding Armor
24:01 Wheelbarrow
mattmcneil9
0:26 Loom
10:37 Feudal Age
14:22 Castle Age
14:22 Bloodlines
15:08 Scale Barding Armor
17:56 Horse Collar
Cthpoolu
0:29 Loom
11:41 Feudal Age
16:50 Double-Bit Axe
21:16 Wheelbarrow
24:09 Castle Age
24:22 Castle Age
Rudan
1:27 Loom
11:22 Feudal Age
12:22 Man-at-Arms
El Gato Volador
6:18 Loom
8:54 Feudal Age
9:28 Man-at-Arms
19:49 Castle Age
17:51 Arson
18:16 Double-Bit Axe
20:51 Bow Saw
Shaka GNU/Linux
5:35 Loom
8:45 Feudal Age
16:02 Double-Bit Axe
17:35 Fletching
24:40 Castle Age
V1per
5:19 Loom
8:28 Feudal Age
14:50 Double-Bit Axe
20:26 Castle Age
18:45 Scale Barding Armor
18:44 Horse Collar
20:05 Bloodlines
20:25 Gold Mining
20:54 Light Cavalry
暴打外国佬
8:53 Wheelbarrow
8:38 Loom
9:09 Double-Bit Axe
11:41 Feudal Age
14:04 Horse Collar
17:01 Castle Age
15:23 Forging
18:19 Gold Mining
22:25 Cavalier
Connection lost

Rejoining the realm…

Still unreachable

The connection could not be restored.

Session expired

The server has moved on; the page needs a fresh start.